Maple Leafs vs Red Wings
Created - July 17, 2022 at 20:00
Goals
|
| Maple Leafs |
0 |
1 |
0 |
1 |
| Red Wings |
3 |
0 |
3 |
6 |
|
Shots
|
| Maple Leafs |
13 |
21 |
4 |
38 |
| Red Wings |
14 |
4 |
21 |
39 |
|
1st period
1. Red Wings , Nino Niederreiter 6 (Philip Samuelsson 3, Marko Dano 6) at 2:48 (PP)
2. Red Wings , Kris Versteeg 2 (Connor Brown 2, Henrik Zetterberg 5) at 11:17
3. Red Wings , Carson Mcmillan 2 (Dylan Larkin 3, Jiri Fischer 3) at 12:33
Penalties :
Braydon Coburn (TOR) for Tripping (Minor) at 1:38, Henrik Zetterberg (Det) for Hooking (Minor) at 16:15
2nd period
4. Maple Leafs , Andre Burakovsky 4 (Brayden Schenn 5, Scott Hartnell 2) at 12:23
Penalties :
Ryan Parent (TOR) for Boarding (Minor) at 13:49, Nino Niederreiter (Det) for High sticking (Minor) at 18:54
3rd period
5. Red Wings , Marko Dano 5 (Nino Niederreiter 6, Henrik Zetterberg 6) at 2:49 (PP)
6. Red Wings , Jordin Tootoo 2 (David Krejci 2, Jiri Fischer 4) at 14:48
7. Red Wings , Henrik Zetterberg 2 (Connor Brown 3, Kris Versteeg 1) at 19:58
Penalties :
Evgeni Malkin (TOR) for Hooking (Minor) at 2:42, Henrik Zetterberg (Det) for Diving (Minor) at 3:29, Drew Fata (Det) for Holding (Minor) at 7:05, Tye McGinn (Det) for Hooking (Minor) at 12:39
Goalie Stats
John Gibson (TOR), 33 saves from 39 shots - (0.846), L, 4-3-0, 60:00 minutes
Robin Lehner (Det), 37 saves from 38 shots - (0.974), W, 4-2-0, 60:00 minutes
Players Stats for Maple Leafs
Player Name G A P +/- PIM S H SB GA TA FO MP PP MP PK MP
------------------------------------------------------------------------------------
Andre Burakovsky 1 0 1 0 0 4 1 1 1 0 0/1 17:03 4:08 0:00
Bo Horvat 0 0 0 -3 0 2 1 0 1 0 5/7 11:18 0:03 0:39
Brandon Saad 0 0 0 -1 0 0 2 0 0 0 0/0 9:06 0:03 0:27
Brayden Schenn 0 1 1 0 0 1 2 0 0 0 9/20 18:47 4:08 1:44
Braydon Coburn 0 0 0 0 2 1 0 1 0 0 0/0 15:29 0:00 1:02
Claude Giroux 0 0 0 0 0 5 1 1 1 0 0/0 21:29 5:44 0:53
Evgeni Malkin 0 0 0 0 2 2 0 2 2 0 9/27 20:35 5:44 0:00
Hampus Lindholm 0 0 0 -1 0 4 0 0 0 0 0/0 23:12 5:47 1:32
John Klingberg 0 0 0 -2 0 1 0 2 0 1 0/0 24:02 4:08 1:32
Jon Merrill 0 0 0 -2 0 2 1 0 1 0 0/0 21:40 4:08 1:44
JT Compher 0 0 0 -1 0 1 1 0 0 0 0/0 8:39 0:03 0:00
Michael Frolik 0 0 0 0 0 3 0 0 0 0 1/2 20:36 5:44 0:00
Mike Cammalleri 0 0 0 -2 0 0 1 0 0 0 0/0 10:25 0:00 0:00
Patrice Cormier 0 0 0 0 0 2 2 0 0 0 2/3 9:19 0:00 0:53
Pontus Aberg 0 0 0 -2 0 1 0 0 0 0 0/1 10:25 0:00 0:00
Ryan Parent 0 0 0 0 2 1 1 3 1 1 0/0 15:04 0:00 0:42
Scott Hartnell 0 1 1 0 0 3 3 1 0 0 0/0 19:00 4:08 1:56
Zach Werenski 0 0 0 -1 0 5 0 2 0 1 0/0 20:32 5:47 0:00
Players Stats for Red Wings
Player Name G A P +/- PIM S H SB GA TA FO MP PP MP PK MP
------------------------------------------------------------------------------------
Carson Mcmillan 1 0 1 1 0 3 2 0 0 0 0/0 15:26 0:33 5:43
Connor Brown 0 2 2 2 0 2 0 0 0 0 0/1 14:04 0:34 0:00
David Krejci 0 1 1 0 0 1 1 0 1 0 2/4 8:41 0:00 0:23
Drew Fata 0 0 0 1 2 1 3 1 1 1 0/0 22:16 2:01 4:35
Dylan Larkin 0 1 1 1 0 4 0 0 0 0 3/8 9:47 0:37 0:00
Henrik Zetterberg 1 2 3 2 4 4 1 1 0 0 11/17 15:47 1:49 0:00
Jakub Kindl 0 0 0 2 0 0 1 1 0 0 0/0 15:30 1:15 0:35
Jiri Fischer 0 2 2 1 0 3 2 0 0 0 0/0 15:01 0:00 1:31
Jordin Tootoo 1 0 1 0 0 2 0 0 0 0 0/0 8:17 0:00 0:00
Kris Versteeg 1 1 2 2 0 4 1 0 0 0 6/8 20:00 0:34 5:55
Marko Dano 1 1 2 0 0 2 1 0 0 1 0/1 19:35 2:29 1:17
Michael Haley 0 0 0 0 0 3 1 0 1 0 0/0 10:49 0:00 2:30
Nino Niederreiter 1 1 2 0 2 4 0 0 0 1 0/0 19:51 2:29 1:32
Ole-Kristian Tollefsen 0 0 0 1 0 2 0 1 0 0 0/0 19:32 1:15 3:14
Philip Samuelsson 0 1 1 1 0 1 0 1 0 0 0/0 23:00 2:01 3:14
Ryan O'Byrne 0 0 0 0 0 1 0 2 0 3 0/0 24:41 0:00 6:41
T.J. Hensick 0 0 0 0 0 2 2 0 0 0 13/22 18:34 0:43 2:30
Tye McGinn 0 0 0 1 2 0 0 0 0 1 0/0 9:09 0:00 0:00
3 Stars
1 - Robin Lehner (Det)
2 - Kris Versteeg (Det)
3 - Henrik Zetterberg (Det)
Power Play
Maple Leafs - 0 on 5 Attempt(s) - 0.00%
Red Wings - 2 on 3 Attempt(s) - 66.67%
Penalty Kill
Maple Leafs - 1 on 3 Attempt(s) - 33.33%
- Score 0 goal in Penalty Kill
Red Wings - 5 on 5 Attempt(s) - 100.00%
- Score 0 goal in Penalty Kill
Team Stat
Maple Leafs - Hits : 16 - Faceoff Wins : 26 - Blocked Shots : 13 - Penalty Minutes : 6
Red Wings - Hits : 15 - Faceoff Wins : 35 - Blocked Shots : 7 - Penalty Minutes : 10
Official
Referees : Garrett Rank and Frederick L'Ecuyer
Linesman : Ryan Galloway and Tony Sericolo
Game Notes
18:17 of 2nd period - Maple Leafs goal is going for a video replay. After video review, No Goal. The net was displaced accidentally.
Finance
Level 1 -- Attendance: 6000 (100.00%) -- Ticket Income $600,000
Level 2 -- Attendance: 5000 (100.00%) -- Ticket Income $300,000
Level 3 -- Attendance: 2000 (100.00%) -- Ticket Income $70,000
Level 4 -- Attendance: 4000 (100.00%) -- Ticket Income $100,000
Luxury Box -- Attendance: 1000 (100.00%) -- Ticket Income $200,000
Game was played at the Little Caesars arena.
Total Attendance: 18000 (100.00%)
Total Ticket Income: $1,270,000
Other Income: $190,500
Total Income: $1,460,500
Maple Leafs
5 vs 5 Forward
Center Left Wing Right Wing Time % Phy DF OF
1 Evgeni Malkin Claude Giroux Michael Frolik 40 1 2 2
2 Brayden Schenn Scott Hartnell Andre Burakovsky 30 1 2 2
3 Bo Horvat Mike Cammalleri Pontus Aberg 20 1 2 2
4 Patrice Cormier Brandon Saad JT Compher 10 1 2 2
5 vs 5 Defense
Defense Defense Time % Phy DF OF
1 John Klingberg Zach Werenski 40 1 2 2
2 Hampus Lindholm Jon Merrill 30 1 2 2
3 Ryan Parent Braydon Coburn 20 1 2 2
4 Hampus Lindholm John Klingberg 10 1 2 2
PowerPlay Forward
Center Left Wing Right Wing Time % Phy DF OF
1 Evgeni Malkin Claude Giroux Michael Frolik 60 1 2 2
2 Brayden Schenn Scott Hartnell Andre Burakovsky 40 1 2 2
PowerPlay Defense
Defense Defense Time % Phy DF OF
1 Hampus Lindholm Zach Werenski 60 1 2 2
2 Jon Merrill John Klingberg 40 1 2 2
Penalty Kill 4 Players Forward
Center Wing Time % Phy DF OF
1 Brayden Schenn Scott Hartnell 60 1 2 2
2 Patrice Cormier Claude Giroux 40 1 2 2
Penalty Kill 4 Players Defense
Defense Defense Time % Phy DF OF
1 Jon Merrill Braydon Coburn 60 1 2 2
2 Hampus Lindholm John Klingberg 40 1 2 2
Penalty Kill - 3 Players Forward
Forward Time % Phy DF OF
1 Patrice Cormier 60 1 2 2
2 Brayden Schenn 40 1 2 2
Penalty Kill - 3 Players Defense
Defense Defense Time % Phy DF OF
1 Braydon Coburn Jon Merrill 60 1 2 2
2 Hampus Lindholm John Klingberg 40 1 2 2
4 vs 4 Forward
Center Wing Time % Phy DF OF
1 Brayden Schenn Claude Giroux 60 1 2 2
2 Evgeni Malkin Andre Burakovsky 40 1 2 2
4 vs 4 Defense
Defense Defense Time % Phy DF OF
1 Hampus Lindholm John Klingberg 60 1 2 2
2 Jon Merrill Braydon Coburn 40 1 2 2
Last Minutes Offensive
Center Left Wing Right Wing Defense Defense
Evgeni Malkin Claude Giroux Andre Burakovsky Hampus Lindholm John Klingberg
Last Minutes Defensive
Center Left Wing Right Wing Defense Defense
Brayden Schenn Claude Giroux Andre Burakovsky Braydon Coburn Jon Merrill
Goaltenders
Starting : John Gibson
Backup : Martin Jones
Extra Forwards
Normal : Scott Hartnell, Bo Horvat, Claude Giroux - PP : Scott Hartnell, Bo Horvat - PK : Scott Hartnell
Extra Defensemen
Normal : Hampus Lindholm, Braydon Coburn, Zach Werenski - PP : Braydon Coburn - PK : Braydon Coburn, Ryan Parent
Penalty Shots
Claude Giroux, Andre Burakovsky, Scott Hartnell, Michael Frolik, Evgeni Malkin
Scratches
Beau Bennett (Healthy)
Red Wings
5 vs 5 Forward
Center Left Wing Right Wing Time % Phy DF OF
1 T.J. Hensick Marko Dano Nino Niederreiter 40 1 2 2
2 Henrik Zetterberg Kris Versteeg Connor Brown 30 1 2 2
3 Dylan Larkin Tye McGinn Carson Mcmillan 20 1 2 2
4 David Krejci Michael Haley Jordin Tootoo 10 1 2 2
5 vs 5 Defense
Defense Defense Time % Phy DF OF
1 Philip Samuelsson Ryan O'Byrne 40 1 2 2
2 Drew Fata Ole-Kristian Tollefsen 30 1 2 2
3 Jakub Kindl Jiri Fischer 20 1 2 2
4 Jakub Kindl Jiri Fischer 10 1 2 2
PowerPlay Forward
Center Left Wing Right Wing Time % Phy DF OF
1 Henrik Zetterberg Marko Dano Nino Niederreiter 60 2 1 2
2 Dylan Larkin Kris Versteeg Connor Brown 40 2 1 2
PowerPlay Defense
Defense Defense Time % Phy DF OF
1 Philip Samuelsson Drew Fata 60 1 2 2
2 Jakub Kindl Ole-Kristian Tollefsen 40 1 2 2
Penalty Kill 4 Players Forward
Center Wing Time % Phy DF OF
1 Kris Versteeg Carson Mcmillan 60 0 4 1
2 T.J. Hensick Michael Haley 40 0 4 1
Penalty Kill 4 Players Defense
Defense Defense Time % Phy DF OF
1 Ryan O'Byrne Drew Fata 60 1 4 0
2 Philip Samuelsson Ole-Kristian Tollefsen 40 1 4 0
Penalty Kill - 3 Players Forward
Forward Time % Phy DF OF
1 Carson Mcmillan 60 1 4 0
2 Michael Haley 40 1 4 0
Penalty Kill - 3 Players Defense
Defense Defense Time % Phy DF OF
1 Ole-Kristian Tollefsen Ryan O'Byrne 60 0 5 0
2 Philip Samuelsson Drew Fata 40 0 5 0
4 vs 4 Forward
Center Wing Time % Phy DF OF
1 Henrik Zetterberg Marko Dano 55 1 2 2
2 Nino Niederreiter Connor Brown 45 1 2 2
4 vs 4 Defense
Defense Defense Time % Phy DF OF
1 Philip Samuelsson Ole-Kristian Tollefsen 60 1 2 2
2 Drew Fata Jiri Fischer 40 1 2 2
Last Minutes Offensive
Center Left Wing Right Wing Defense Defense
Henrik Zetterberg Marko Dano Nino Niederreiter Philip Samuelsson Connor Brown
Last Minutes Defensive
Center Left Wing Right Wing Defense Defense
T.J. Hensick Michael Haley Carson Mcmillan Ryan O'Byrne Drew Fata
Goaltenders
Starting : Robin Lehner
Backup : Mike McKenna
Extra Forwards
Normal : Dylan Larkin, Connor Brown, Nino Niederreiter - PP : T.J. Hensick, Carson Mcmillan - PK : Nino Niederreiter
Extra Defensemen
Normal : Philip Samuelsson, Drew Fata, Ryan O'Byrne - PP : Jiri Fischer - PK : Jiri Fischer, Jakub Kindl
Penalty Shots
Kris Versteeg, Dylan Larkin, Marko Dano, Nino Niederreiter, Carson Mcmillan
Scratches
David Rundblad (Healthy), Mike Richards (Torso Injury), Ryane Clowe (Healthy)
% Time on Ice - Maple Leafs
Lines # - Real PCT - Wanted PCT - Time Play
Normal Forward
1 - 32% - 40% - 15:03
2 - 28% - 30% - 12:55
3 - 22% - 20% - 10:25
4 - 18% - 10% - 8:26
Normal Defense
1 - 32% - 40% - 14:51
2 - 34% - 30% - 15:42
3 - 31% - 20% - 14:22
4 - 4% - 10% - 1:54
PP Forward
1 - 58% - 60% - 5:47
2 - 42% - 40% - 4:08
PP Defense
1 - 58% - 60% - 5:47
2 - 42% - 40% - 4:08
PK Forward
1 - 73% - 60% - 2:23
2 - 27% - 40% - 0:53
PK Defense
1 - 53% - 60% - 1:44
2 - 47% - 40% - 1:32
PK3 Forward
1 - 0% - 60%
2 - 0% - 40%
PK3 Defense
1 - 0% - 60%
2 - 0% - 40%
44 Forward
1 - 0% - 60%
2 - 0% - 40%
44 Defense
1 - 0% - 60%
2 - 0% - 40%
Last Minute Offensive - 0:00
Last Minute Defensive - 0:00
Total
Forward - 60:00
Defense - 60:00
|
% Time on Ice - Red Wings
Lines # - Real PCT - Wanted PCT - Time Play
Normal Forward
1 - 34% - 40% - 15:50
2 - 29% - 30% - 13:32
3 - 20% - 20% - 9:10
4 - 18% - 10% - 8:17
Normal Defense
1 - 39% - 40% - 18:06
2 - 32% - 30% - 15:03
3 - 20% - 20% - 9:31
4 - 9% - 10% - 4:09
PP Forward
1 - 81% - 60% - 2:39
2 - 19% - 40% - 0:37
PP Defense
1 - 62% - 60% - 2:01
2 - 38% - 40% - 1:15
PK Forward
1 - 75% - 60% - 7:25
2 - 25% - 40% - 2:30
PK Defense
1 - 67% - 60% - 6:41
2 - 33% - 40% - 3:14
PK3 Forward
1 - 0% - 60%
2 - 0% - 40%
PK3 Defense
1 - 0% - 60%
2 - 0% - 40%
44 Forward
1 - 0% - 55%
2 - 0% - 45%
44 Defense
1 - 0% - 60%
2 - 0% - 40%
Last Minute Offensive - 0:00
Last Minute Defensive - 0:00
Total
Forward - 60:00
Defense - 60:00
|
Play-by-Play
1st period
0:01 of 1st period - Evgeni Malkin wins face-off versus T.J. Hensick in neutral zone.
0:26 of 1st period - Henrik Zetterberg is hit by Scott Hartnell and loses puck.
0:49 of 1st period - Slapshot by Jon Merrill.
0:49 of 1st period - Shot Blocked by Ryan O'Byrne.
0:51 of 1st period - Slapshot by Brandon Saad.
0:51 of 1st period - Shot Misses the Net.
0:53 of 1st period - Snap shot by Patrice Cormier.
0:53 of 1st period - Shot Misses the Net.
0:55 of 1st period - Backhand shot by Patrice Cormier.
0:55 of 1st period - Stopped by Robin Lehner without a rebound.
0:56 of 1st period - Bo Horvat wins face-off versus David Krejci in Red Wings zone.
1:21 of 1st period - Michael Frolik is hit by Drew Fata and loses puck.
1:38 of 1st period - Minor Penalty to Braydon Coburn for Tripping.
1:39 of 1st period - Brayden Schenn wins face-off versus Henrik Zetterberg in Maple Leafs zone.
1:45 of 1st period - Icing by Drew Fata.
1:46 of 1st period - Henrik Zetterberg wins face-off versus Brayden Schenn in Red Wings zone.
2:07 of 1st period - Wrist shot by Nino Niederreiter.
2:07 of 1st period - Shot Blocked by Ryan Parent.
2:09 of 1st period - Slapshot by Nino Niederreiter.
2:09 of 1st period - Shot Blocked by Scott Hartnell.
2:44 of 1st period - Slapshot by Marko Dano.
2:44 of 1st period - Shot Blocked by Claude Giroux.
2:46 of 1st period - Slapshot by Philip Samuelsson.
2:46 of 1st period - Stopped by John Gibson with a rebound.
2:48 of 1st period - Wrist shot by Nino Niederreiter.
2:48 of 1st period - Goal by Nino Niederreiter - Maple Leafs : 0 - Red Wings : 1.
2:49 of 1st period - Dylan Larkin wins face-off versus Brayden Schenn in neutral zone.
2:54 of 1st period - Snap shot by Dylan Larkin.
2:54 of 1st period - Shot Misses the Net.
2:56 of 1st period - Snap shot by Jiri Fischer.
2:56 of 1st period - Stopped by John Gibson with a rebound.
2:58 of 1st period - Snap shot by Tye McGinn.
2:58 of 1st period - Shot Blocked by Zach Werenski.
3:00 of 1st period - Wrist shot by Tye McGinn.
3:00 of 1st period - Shot Misses the Net.
3:02 of 1st period - Snap shot by Carson Mcmillan.
3:02 of 1st period - Shot Misses the Net.
3:04 of 1st period - Wrist shot by Dylan Larkin.
3:04 of 1st period - Stopped by John Gibson with a rebound.
4:22 of 1st period - Philip Samuelsson is hit by Ryan Parent and loses puck.
4:41 of 1st period - Snap shot by Evgeni Malkin.
4:41 of 1st period - Stopped by Robin Lehner with a rebound.
4:43 of 1st period - Slapshot by Ryan Parent.
4:43 of 1st period - Deflect By Claude Giroux.
4:43 of 1st period - Stopped by Robin Lehner without a rebound.
4:44 of 1st period - Henrik Zetterberg wins face-off versus Evgeni Malkin in Red Wings zone.
4:59 of 1st period - Slapshot by Henrik Zetterberg.
4:59 of 1st period - Stopped by John Gibson without a rebound.
5:00 of 1st period - Brayden Schenn wins face-off versus T.J. Hensick in Maple Leafs zone.
5:04 of 1st period - Off-side.
5:05 of 1st period - T.J. Hensick wins face-off versus Brayden Schenn in neutral zone.
6:17 of 1st period - Philip Samuelsson is hit by Andre Burakovsky and loses puck.
6:47 of 1st period - Icing by Ryan O'Byrne.
6:48 of 1st period - Henrik Zetterberg wins face-off versus Patrice Cormier in Red Wings zone.
7:36 of 1st period - Evgeni Malkin is hit by T.J. Hensick and loses puck.
8:11 of 1st period - Wrist shot by Nino Niederreiter.
8:11 of 1st period - Shot Blocked by Evgeni Malkin.
8:25 of 1st period - Snap shot by Michael Frolik.
8:25 of 1st period - Shot Misses the Net.
8:27 of 1st period - Slapshot by Hampus Lindholm.
8:27 of 1st period - Stopped by Robin Lehner with a rebound.
8:31 of 1st period - Snap shot by Claude Giroux.
8:31 of 1st period - Stopped by Robin Lehner with a rebound.
8:33 of 1st period - Snap shot by Michael Frolik.
8:33 of 1st period - Shot Blocked by Philip Samuelsson.
9:31 of 1st period - Slapshot by Marko Dano.
9:31 of 1st period - Stopped by John Gibson with a rebound.
10:20 of 1st period - Slapshot by Michael Frolik.
10:20 of 1st period - Shot Misses the Net.
10:22 of 1st period - Snap shot by Evgeni Malkin.
10:22 of 1st period - Stopped by Robin Lehner without a rebound.
10:23 of 1st period - Brayden Schenn wins face-off versus Connor Brown in Red Wings zone.
10:38 of 1st period - Wrist shot by Andre Burakovsky.
10:38 of 1st period - Shot Misses the Net.
11:09 of 1st period - Snap shot by Kris Versteeg.
11:09 of 1st period - Stopped by John Gibson with a rebound.
11:11 of 1st period - Slapshot by Jakub Kindl.
11:11 of 1st period - Deflect By Henrik Zetterberg.
11:11 of 1st period - Stopped by John Gibson with a rebound.
11:17 of 1st period - Snap shot by Kris Versteeg.
11:17 of 1st period - Goal by Kris Versteeg - Maple Leafs : 0 - Red Wings : 2.
11:18 of 1st period - Bo Horvat wins face-off versus Dylan Larkin in neutral zone.
12:03 of 1st period - Icing by Braydon Coburn.
12:04 of 1st period - Henrik Zetterberg wins face-off versus Brayden Schenn in Maple Leafs zone.
12:11 of 1st period - Wrist shot by Connor Brown.
12:11 of 1st period - Stopped by John Gibson with a rebound.
12:21 of 1st period - Snap shot by Kris Versteeg.
12:21 of 1st period - Shot Blocked by Andre Burakovsky.
12:31 of 1st period - Snap shot by Dylan Larkin.
12:31 of 1st period - Shot Blocked by Ryan Parent.
12:33 of 1st period - Wrist shot by Carson Mcmillan.
12:33 of 1st period - Goal by Carson Mcmillan - Maple Leafs : 0 - Red Wings : 3.
12:34 of 1st period - Bo Horvat wins face-off versus Dylan Larkin in neutral zone.
12:59 of 1st period - Carson Mcmillan is hit by Patrice Cormier and loses puck.
13:12 of 1st period - Wrist shot by Dylan Larkin.
13:12 of 1st period - Stopped by John Gibson with a rebound.
13:26 of 1st period - Henrik Zetterberg is hit by Scott Hartnell and loses puck.
13:33 of 1st period - Wrist shot by Andre Burakovsky.
13:33 of 1st period - Stopped by Robin Lehner with a rebound.
14:17 of 1st period - Snap shot by Patrice Cormier.
14:17 of 1st period - Stopped by Robin Lehner without a rebound.
14:18 of 1st period - Brayden Schenn wins face-off versus Henrik Zetterberg in Red Wings zone.
14:25 of 1st period - Wrist shot by Scott Hartnell.
14:25 of 1st period - Deflect By Andre Burakovsky.
14:25 of 1st period - Stopped by Robin Lehner with a rebound.
14:27 of 1st period - Slapshot by Braydon Coburn.
14:27 of 1st period - Deflect By Ryan O'Byrne.
14:27 of 1st period - Stopped by Robin Lehner without a rebound.
14:28 of 1st period - Brayden Schenn wins face-off versus Henrik Zetterberg in Red Wings zone.
14:41 of 1st period - Snap shot by Scott Hartnell.
14:41 of 1st period - Stopped by Robin Lehner without a rebound.
14:42 of 1st period - T.J. Hensick wins face-off versus Bo Horvat in Red Wings zone.
14:42 of 1st period - T.J. Hensick is hit by Mike Cammalleri.
15:28 of 1st period - Icing by Claude Giroux.
15:29 of 1st period - Brayden Schenn wins face-off versus Dylan Larkin in Maple Leafs zone.
15:40 of 1st period - Snap shot by Scott Hartnell.
15:40 of 1st period - Stopped by Robin Lehner without a rebound.
15:41 of 1st period - T.J. Hensick wins face-off versus Bo Horvat in Red Wings zone.
15:50 of 1st period - Wrist shot by Nino Niederreiter.
15:50 of 1st period - Stopped by John Gibson without a rebound.
15:51 of 1st period - T.J. Hensick wins face-off versus Pontus Aberg in Maple Leafs zone.
16:04 of 1st period - Wrist shot by Pontus Aberg.
16:04 of 1st period - Shot Misses the Net.
16:06 of 1st period - Snap shot by Mike Cammalleri.
16:06 of 1st period - Shot Misses the Net.
16:08 of 1st period - Slapshot by Mike Cammalleri.
16:08 of 1st period - Shot Blocked by Ole-Kristian Tollefsen.
16:12 of 1st period - Wrist shot by Pontus Aberg.
16:12 of 1st period - Stopped by Robin Lehner without a rebound.
16:13 of 1st period - Henrik Zetterberg wins face-off versus Evgeni Malkin in Red Wings zone.
16:15 of 1st period - Minor Penalty to Henrik Zetterberg for Hooking.
16:16 of 1st period - Kris Versteeg wins face-off versus Evgeni Malkin in Red Wings zone.
16:30 of 1st period - Wrist shot by Claude Giroux.
16:30 of 1st period - Deflect By Evgeni Malkin.
16:30 of 1st period - Shot Misses the Net.
16:30 of 1st period - Puck is out of play.
16:31 of 1st period - Evgeni Malkin wins face-off versus Kris Versteeg in Red Wings zone.
16:40 of 1st period - Slapshot by Carson Mcmillan.
16:40 of 1st period - Stopped by John Gibson with a rebound.
16:56 of 1st period - Carson Mcmillan is hit by Brayden Schenn and loses puck.
18:15 of 1st period - Penalty to Henrik Zetterberg is over, Henrik Zetterberg is back on ice.
18:25 of 1st period - Ryan O'Byrne is hit by Patrice Cormier and loses puck.
18:38 of 1st period - Marko Dano is hit by Brandon Saad and loses puck.
19:15 of 1st period - Jakub Kindl is hit by Scott Hartnell and loses puck.
19:26 of 1st period - Brandon Saad is hit by Jiri Fischer and loses puck.
Goals for this period are 0 for Maple Leafs vs 3 for Red Wings.
Shots for this period are 13 for Maple Leafs vs 14 for Red Wings.
2nd period
0:01 of 2nd period - Evgeni Malkin wins face-off versus Henrik Zetterberg in neutral zone.
0:27 of 2nd period - John Klingberg is hit by T.J. Hensick and loses puck.
0:36 of 2nd period - Slapshot by Zach Werenski.
0:36 of 2nd period - Stopped by Robin Lehner without a rebound.
0:37 of 2nd period - Dylan Larkin wins face-off versus Michael Frolik in Red Wings zone.
1:08 of 2nd period - Philip Samuelsson is hit by Brayden Schenn and loses puck.
1:47 of 2nd period - Snap shot by Michael Haley.
1:47 of 2nd period - Stopped by John Gibson with a rebound.
1:49 of 2nd period - Snap shot by Ole-Kristian Tollefsen.
1:49 of 2nd period - Stopped by John Gibson with a rebound.
1:51 of 2nd period - Slapshot by Drew Fata.
1:51 of 2nd period - Stopped by John Gibson without a rebound.
1:52 of 2nd period - Patrice Cormier wins face-off versus Henrik Zetterberg in Maple Leafs zone.
1:52 of 2nd period - Patrice Cormier is hit by Kris Versteeg.
2:08 of 2nd period - Snap shot by Kris Versteeg.
2:08 of 2nd period - Shot Misses the Net.
3:54 of 2nd period - Slapshot by Claude Giroux.
3:54 of 2nd period - Stopped by Robin Lehner without a rebound.
3:55 of 2nd period - Brayden Schenn wins face-off versus T.J. Hensick in Red Wings zone.
4:45 of 2nd period - Jiri Fischer is hit by JT Compher.
5:13 of 2nd period - Wrist shot by Bo Horvat.
5:13 of 2nd period - Stopped by Robin Lehner without a rebound.
5:14 of 2nd period - T.J. Hensick wins face-off versus Evgeni Malkin in Red Wings zone.
5:49 of 2nd period - Snap shot by Zach Werenski.
5:49 of 2nd period - Stopped by Robin Lehner with a rebound.
6:28 of 2nd period - Slapshot by Hampus Lindholm.
6:28 of 2nd period - Stopped by Robin Lehner without a rebound.
6:29 of 2nd period - Evgeni Malkin wins face-off versus T.J. Hensick in Red Wings zone.
6:30 of 2nd period - Backhand shot by Michael Frolik.
6:30 of 2nd period - Stopped by Robin Lehner with a rebound.
7:46 of 2nd period - Slapshot by Marko Dano.
7:46 of 2nd period - Shot Misses the Net.
8:09 of 2nd period - Icing by Ryan O'Byrne.
8:10 of 2nd period - David Krejci wins face-off versus Evgeni Malkin in Red Wings zone.
10:08 of 2nd period - Snap shot by Patrice Cormier.
10:08 of 2nd period - Shot Blocked by Jakub Kindl.
10:10 of 2nd period - Snap shot by JT Compher.
10:10 of 2nd period - Stopped by Robin Lehner without a rebound.
10:11 of 2nd period - David Krejci wins face-off versus Evgeni Malkin in Red Wings zone.
10:24 of 2nd period - Wrist shot by Michael Haley.
10:24 of 2nd period - Shot Blocked by John Klingberg.
10:28 of 2nd period - Wrist shot by David Krejci.
10:28 of 2nd period - Deflect By Michael Haley.
10:28 of 2nd period - Stopped by John Gibson without a rebound.
10:29 of 2nd period - T.J. Hensick wins face-off versus Brayden Schenn in Maple Leafs zone.
10:38 of 2nd period - Slapshot by Zach Werenski.
10:38 of 2nd period - Stopped by Robin Lehner without a rebound.
10:39 of 2nd period - Brayden Schenn wins face-off versus Marko Dano in Red Wings zone.
10:40 of 2nd period - Wrist shot by Zach Werenski.
10:40 of 2nd period - Stopped by Robin Lehner with a rebound.
11:04 of 2nd period - Snap shot by T.J. Hensick.
11:04 of 2nd period - Deflect By John Klingberg.
11:04 of 2nd period - Shot Blocked by Zach Werenski.
11:04 of 2nd period - Puck is out of play.
11:05 of 2nd period - Henrik Zetterberg wins face-off versus Evgeni Malkin in Maple Leafs zone.
12:23 of 2nd period - Snap shot by Andre Burakovsky.
12:23 of 2nd period - Goal by Andre Burakovsky - Maple Leafs : 1 - Red Wings : 3.
12:24 of 2nd period - T.J. Hensick wins face-off versus Evgeni Malkin in neutral zone.
13:49 of 2nd period - Minor Penalty to Ryan Parent for Boarding.
13:50 of 2nd period - Brayden Schenn wins face-off versus T.J. Hensick in Maple Leafs zone.
13:50 of 2nd period - Brayden Schenn is hit by Jakub Kindl.
15:44 of 2nd period - Scott Hartnell is hit by Marko Dano and loses puck.
15:49 of 2nd period - Penalty to Ryan Parent is over, Ryan Parent is back on ice.
15:54 of 2nd period - Off-side.
15:55 of 2nd period - Michael Frolik wins face-off versus David Krejci in neutral zone.
16:06 of 2nd period - Snap shot by Michael Frolik.
16:06 of 2nd period - Stopped by Robin Lehner with a rebound.
16:08 of 2nd period - Wrist shot by Claude Giroux.
16:08 of 2nd period - Stopped by Robin Lehner with a rebound.
16:10 of 2nd period - Slapshot by John Klingberg.
16:10 of 2nd period - Stopped by Robin Lehner without a rebound.
16:11 of 2nd period - Bo Horvat wins face-off versus Dylan Larkin in Red Wings zone.
16:36 of 2nd period - Evgeni Malkin is hit by Drew Fata and loses puck.
17:49 of 2nd period - Snap shot by Bo Horvat.
17:49 of 2nd period - Deflect By Jakub Kindl.
17:49 of 2nd period - Stopped by Robin Lehner with a rebound.
17:51 of 2nd period - Slapshot by Hampus Lindholm.
17:51 of 2nd period - Deflect By Dylan Larkin.
17:51 of 2nd period - Stopped by Robin Lehner without a rebound.
17:52 of 2nd period - Evgeni Malkin wins face-off versus T.J. Hensick in Red Wings zone.
18:09 of 2nd period - Wrist shot by Michael Frolik.
18:09 of 2nd period - Stopped by Robin Lehner without a rebound.
18:10 of 2nd period - Henrik Zetterberg wins face-off versus Brayden Schenn in Red Wings zone.
18:15 of 2nd period - Wrist shot by Scott Hartnell.
18:15 of 2nd period - Stopped by Robin Lehner with a rebound.
18:17 of 2nd period - Slapshot by Jon Merrill.
18:17 of 2nd period - Deflect By Brayden Schenn.
18:17 of 2nd period - Maple Leafs goal is going for a video replay.
18:17 of 2nd period - The goal is refused. The net was displaced accidentally..
18:18 of 2nd period - Henrik Zetterberg wins face-off versus Andre Burakovsky in Red Wings zone.
18:41 of 2nd period - Snap shot by Brayden Schenn.
18:41 of 2nd period - Shot Misses the Net.
18:43 of 2nd period - Snap shot by Jon Merrill.
18:43 of 2nd period - Stopped by Robin Lehner with a rebound.
18:47 of 2nd period - Snap shot by Andre Burakovsky.
18:47 of 2nd period - Stopped by Robin Lehner with a rebound.
18:49 of 2nd period - Wrist shot by Scott Hartnell.
18:49 of 2nd period - Shot Blocked by Ryan O'Byrne.
18:51 of 2nd period - Slapshot by Hampus Lindholm.
18:51 of 2nd period - Stopped by Robin Lehner without a rebound.
18:52 of 2nd period - T.J. Hensick wins face-off versus Evgeni Malkin in Red Wings zone.
18:54 of 2nd period - Minor Penalty to Nino Niederreiter for High sticking.
18:55 of 2nd period - Kris Versteeg wins face-off versus Evgeni Malkin in Red Wings zone.
19:21 of 2nd period - Hampus Lindholm is hit by Drew Fata and loses puck.
19:48 of 2nd period - Kris Versteeg is hit by Jon Merrill and loses puck.
Goals for this period are 1 for Maple Leafs vs 0 for Red Wings.
Shots for this period are 21 for Maple Leafs vs 4 for Red Wings.
3rd period
0:01 of 3rd period - Kris Versteeg wins face-off versus Evgeni Malkin in neutral zone.
0:04 of 3rd period - Claude Giroux is hit by Carson Mcmillan and loses puck.
0:33 of 3rd period - Slapshot by Zach Werenski.
0:33 of 3rd period - Stopped by Robin Lehner with a rebound.
0:54 of 3rd period - Penalty to Nino Niederreiter is over, Nino Niederreiter is back on ice.
1:03 of 3rd period - Wrist shot by T.J. Hensick.
1:03 of 3rd period - Stopped by John Gibson with a rebound.
2:20 of 3rd period - Ryan O'Byrne is hit by Bo Horvat and loses puck.
2:33 of 3rd period - Slapshot by Ryan O'Byrne.
2:33 of 3rd period - Stopped by John Gibson with a rebound.
2:35 of 3rd period - Slapshot by David Krejci.
2:35 of 3rd period - Stopped by John Gibson without a rebound.
2:36 of 3rd period - T.J. Hensick wins face-off versus Evgeni Malkin in Maple Leafs zone.
2:42 of 3rd period - Minor Penalty to Evgeni Malkin for Hooking.
2:43 of 3rd period - Henrik Zetterberg wins face-off versus Brayden Schenn in Maple Leafs zone.
2:43 of 3rd period - Slapshot by Nino Niederreiter.
2:43 of 3rd period - Stopped by John Gibson without a rebound.
2:44 of 3rd period - Henrik Zetterberg wins face-off versus Brayden Schenn in Maple Leafs zone.
2:47 of 3rd period - Wrist shot by Nino Niederreiter.
2:47 of 3rd period - Shot Misses the Net.
2:49 of 3rd period - Slapshot by Marko Dano.
2:49 of 3rd period - Goal by Marko Dano - Maple Leafs : 1 - Red Wings : 4.
2:50 of 3rd period - T.J. Hensick wins face-off versus Evgeni Malkin in neutral zone.
3:00 of 3rd period - Wrist shot by Marko Dano.
3:00 of 3rd period - Shot Misses the Net.
3:02 of 3rd period - Snap shot by T.J. Hensick.
3:02 of 3rd period - Stopped by John Gibson without a rebound.
3:03 of 3rd period - T.J. Hensick wins face-off versus Evgeni Malkin in Maple Leafs zone.
3:12 of 3rd period - Wrist shot by Nino Niederreiter.
3:12 of 3rd period - Shot Blocked by Evgeni Malkin.
3:14 of 3rd period - Snap shot by Marko Dano.
3:14 of 3rd period - Shot Misses the Net.
3:16 of 3rd period - Backhand shot by Drew Fata.
3:16 of 3rd period - Deflect By Nino Niederreiter.
3:16 of 3rd period - Stopped by John Gibson with a rebound.
3:18 of 3rd period - Wrist shot by Drew Fata.
3:18 of 3rd period - Deflect By Marko Dano.
3:18 of 3rd period - Shot Misses the Net.
3:18 of 3rd period - Puck is out of play.
3:19 of 3rd period - Henrik Zetterberg wins face-off versus Brayden Schenn in Maple Leafs zone.
3:29 of 3rd period - Minor Penalty to Henrik Zetterberg for Diving.
3:30 of 3rd period - Kris Versteeg wins face-off versus Evgeni Malkin in Red Wings zone.
3:38 of 3rd period - Off-side.
3:39 of 3rd period - Kris Versteeg wins face-off versus Evgeni Malkin in neutral zone.
4:22 of 3rd period - Scott Hartnell is hit by Carson Mcmillan and loses puck.
5:29 of 3rd period - Penalty to Henrik Zetterberg is over, Henrik Zetterberg is back on ice.
5:33 of 3rd period - Scott Hartnell is hit by David Krejci and loses puck.
5:50 of 3rd period - Snap shot by Jon Merrill.
5:50 of 3rd period - Stopped by Robin Lehner without a rebound.
5:51 of 3rd period - Bo Horvat wins face-off versus T.J. Hensick in Red Wings zone.
6:40 of 3rd period - John Klingberg is hit by Henrik Zetterberg.
6:46 of 3rd period - Snap shot by Kris Versteeg.
6:46 of 3rd period - Stopped by John Gibson without a rebound.
6:47 of 3rd period - Evgeni Malkin wins face-off versus Henrik Zetterberg in Maple Leafs zone.
6:54 of 3rd period - Wrist shot by Claude Giroux.
6:54 of 3rd period - Shot Blocked by Drew Fata.
6:58 of 3rd period - Wrist shot by Claude Giroux.
6:58 of 3rd period - Deflect By Connor Brown.
6:58 of 3rd period - Stopped by Robin Lehner without a rebound.
6:59 of 3rd period - Evgeni Malkin wins face-off versus T.J. Hensick in Red Wings zone.
7:05 of 3rd period - Minor Penalty to Drew Fata for Holding.
7:06 of 3rd period - Kris Versteeg wins face-off versus Evgeni Malkin in Red Wings zone.
9:05 of 3rd period - Penalty to Drew Fata is over, Drew Fata is back on ice.
9:37 of 3rd period - Wrist shot by Dylan Larkin.
9:37 of 3rd period - Stopped by John Gibson without a rebound.
9:38 of 3rd period - Patrice Cormier wins face-off versus Dylan Larkin in Maple Leafs zone.
9:38 of 3rd period - Patrice Cormier is hit by Jiri Fischer.
10:10 of 3rd period - Wrist shot by Marko Dano.
10:10 of 3rd period - Shot Misses the Net.
10:30 of 3rd period - Wrist shot by Andre Burakovsky.
10:30 of 3rd period - Shot Blocked by Henrik Zetterberg.
10:32 of 3rd period - Slapshot by Ryan Parent.
10:32 of 3rd period - Stopped by Robin Lehner with a rebound.
10:52 of 3rd period - Wrist shot by Michael Haley.
10:52 of 3rd period - Stopped by John Gibson with a rebound.
11:02 of 3rd period - Carson Mcmillan is hit by Brandon Saad and loses puck.
12:05 of 3rd period - Slapshot by Ole-Kristian Tollefsen.
12:05 of 3rd period - Stopped by John Gibson with a rebound.
12:07 of 3rd period - Slapshot by Drew Fata.
12:07 of 3rd period - Shot Blocked by Braydon Coburn.
12:39 of 3rd period - Minor Penalty to Tye McGinn for Hooking.
12:40 of 3rd period - Evgeni Malkin wins face-off versus Kris Versteeg in Red Wings zone.
13:06 of 3rd period - Scott Hartnell is hit by Michael Haley.
14:39 of 3rd period - Penalty to Tye McGinn is over, Tye McGinn is back on ice.
14:42 of 3rd period - Slapshot by Jiri Fischer.
14:42 of 3rd period - Stopped by John Gibson with a rebound.
14:44 of 3rd period - Snap shot by David Krejci.
14:44 of 3rd period - Shot Blocked by John Klingberg.
14:46 of 3rd period - Slapshot by Jordin Tootoo.
14:46 of 3rd period - Stopped by John Gibson with a rebound.
14:48 of 3rd period - Wrist shot by Jordin Tootoo.
14:48 of 3rd period - Goal by Jordin Tootoo - Maple Leafs : 1 - Red Wings : 5.
14:49 of 3rd period - T.J. Hensick wins face-off versus Brayden Schenn in neutral zone.
15:55 of 3rd period - Snap shot by Henrik Zetterberg.
15:55 of 3rd period - Stopped by John Gibson with a rebound.
15:57 of 3rd period - Slapshot by Jakub Kindl.
15:57 of 3rd period - Shot Misses the Net.
15:59 of 3rd period - Slapshot by Jiri Fischer.
15:59 of 3rd period - Stopped by John Gibson with a rebound.
16:01 of 3rd period - Wrist shot by Connor Brown.
16:01 of 3rd period - Stopped by John Gibson without a rebound.
16:02 of 3rd period - Evgeni Malkin wins face-off versus T.J. Hensick in Maple Leafs zone.
16:07 of 3rd period - Philip Samuelsson is hit by Claude Giroux and loses puck.
16:35 of 3rd period - Backhand shot by Dylan Larkin.
16:35 of 3rd period - Stopped by John Gibson with a rebound.
16:37 of 3rd period - Snap shot by Carson Mcmillan.
16:37 of 3rd period - Stopped by John Gibson without a rebound.
16:38 of 3rd period - Dylan Larkin wins face-off versus Brayden Schenn in Maple Leafs zone.
16:39 of 3rd period - Snap shot by Tye McGinn.
16:39 of 3rd period - Shot Misses the Net.
17:57 of 3rd period - Slapshot by Carson Mcmillan.
17:57 of 3rd period - Shot Misses the Net.
19:15 of 3rd period - Slapshot by Carson Mcmillan.
19:15 of 3rd period - Shot Blocked by Ryan Parent.
19:50 of 3rd period - Snap shot by Kris Versteeg.
19:50 of 3rd period - Stopped by John Gibson with a rebound.
19:52 of 3rd period - Snap shot by Connor Brown.
19:52 of 3rd period - Shot Misses the Net.
19:54 of 3rd period - Wrist shot by Kris Versteeg.
19:54 of 3rd period - Shot Misses the Net.
19:56 of 3rd period - Snap shot by Connor Brown.
19:56 of 3rd period - Shot Misses the Net.
19:58 of 3rd period - Snap shot by Henrik Zetterberg.
19:58 of 3rd period - Goal by Henrik Zetterberg - Maple Leafs : 1 - Red Wings : 6.
19:59 of 3rd period - T.J. Hensick wins face-off versus Evgeni Malkin in neutral zone.
Goals for this period are 0 for Maple Leafs vs 3 for Red Wings.
Shots for this period are 4 for Maple Leafs vs 21 for Red Wings.